 Dungeon Crawl Stone Soup version 0.19.5 (webtiles) character file.

13218 equalderp2856 the Gouger (level 11, -12/46 HPs)
             Began as a Felid Fighter on Mar 22, 2017.
             Mangled by Rupert
             ... wielding a +3 triple sword of holy wrath
              (28 damage)
             ... on level 4 of the Lair of Beasts.
             The game lasted 02:13:24 (32627 turns).

equalderp2856 the Gouger (Felid Fighter)           Turns: 32627, Time: 02:13:26

Health: -12/46     AC:  3    Str: 13    XL:     11   Next: 72%
Magic:  34/34      EV: 27    Int: 14    God:
Gold:   938        SH:  0    Dex: 18    Spells: 3 memorised, 21 levels left
                                        Lives:  0   Deaths: 4

rFire  . . .     SeeInvis +       - Unarmed
rCold  + . .     Gourm    .     (armour unavailable)
rNeg   . . .     Faith    .     (shield unavailable)
rPois  .         Spirit   .     (helmet unavailable)
rElec  .         Reflect  .     (cloak unavailable)
rCorr  .         Harm     .     (gloves unavailable)
MR     +....                    (boots unavailable)
Stlth  ++++++....               A - amulet of regeneration
                                n - +3 ring of intelligence
                                m - ring of magical power

@: lethally poisoned (-12 -> -18), quick
A: no armour, no weapons or thrown items, stealth, claws 1, fangs 3, see
invisible, carnivore 3, speed 1, shaggy fur 3, slow metabolism 1, sharp paws
a: no special abilities


You were on level 4 of the Lair of Beasts.
You were not hungry.

You visited 3 branches of the dungeon, and saw 20 of its levels.
You also visited: Sewer, Ossuary and Volcano.

You collected 998 gold pieces.
You spent 60 gold pieces at shops.

Inventory:

Missiles
 d - 624 stones
 g - 251 arrows
Jewellery
 m - a ring of magical power (left paw)
 n - a +3 ring of intelligence (right paw)
 u - an uncursed ring of ice
 A - an amulet of regeneration (around neck)
 D - an uncursed ring of ice
 X - an uncursed ring of poison resistance
Wands
 t - a wand of digging (11/24)
 B - a wand of flame (40/48)
 E - a wand of polymorph (14/24)
 M - a wand of disintegration (5/24)
 O - a wand of slowing (16/48)
 Q - a wand of acid (7/15)
 R - a wand of enslavement (14/24)
 T - a wand of iceblast (0/15)
 V - a wand of paralysis (17/24)
 W - a wand of digging (8/24)
 Y - a wand of acid (2/15)
Scrolls
 c - 10 scrolls of identify
 h - a scroll of amnesia
 i - 7 scrolls of teleportation
 l - 7 scrolls of remove curse
 o - 4 scrolls of recharging
 q - 2 scrolls of fear
 s - 2 scrolls of fog
 x - 3 scrolls of immolation
 L - 3 scrolls of magic mapping
 N - a scroll of summoning
 Z - a scroll of brand weapon {unknown}
Potions
 a - 3 potions of might
 e - 5 potions of magic
 k - 5 potions of agility
 r - 3 potions of curing
 v - 3 potions of degeneration {unknown}
 w - 3 potions of haste
 F - a potion of invisibility
 G - 4 potions of flight
 H - 2 potions of lignification {unknown}
 I - 2 potions of ambrosia
 J - 2 potions of heal wounds
 K - 2 potions of cure mutation
 P - 4 potions of brilliance
Books
 p - the Grimoire of Enhancements and Shape Shifting
   (You found it on level 6 of the Dungeon)

   Spells                             Type                      Level
   a - Song of Slaying                Charms                       2
   b - Ignite Poison                  Fire/Transmutation/Poison    3
   c - Spectral Weapon                Hexes/Charms                 3
   d - Yara's Violent Unravelling     Hexes/Transmutation          5
   e - Deflect Missiles               Charms/Air                   6
 z - a book of Summonings

   Spells                             Type                      Level
   a - Recall                         Summoning/Translocation      3
   b - Aura of Abjuration             Summoning                    5
   c - Summon Demon                   Summoning                    5
   d - Summon Forest                  Summoning/Translocation      5
   e - Summon Mana Viper              Hexes/Summoning              5
   f - Shadow Creatures               Summoning                    6
 C - a book of Debilitation

   Spells                             Type                      Level
   a - Corona                         Hexes                        1
   b - Slow                           Hexes                        2
   c - Gell's Gravitas                Hexes/Translocation          3
   d - Inner Flame                    Hexes/Fire                   3
   e - Cause Fear                     Hexes                        4
   f - Leda's Liquefaction            Hexes/Earth                  4
Miscellaneous
 y - a disc of storms
Comestibles
 b - 7 meat rations
 f - 5 beef jerkies
 j - 6 slices of pizza
 S - a chunk of flesh
 U - 11 royal jellies


   Skills:
 - Level 4.4 Fighting
 - Level 11.0 Dodging
 - Level 12.2 Stealth
 - Level 14.8 Unarmed Combat
 + Level 9.5 Spellcasting
 + Level 12.2 Hexes
 + Level 7.4 Summonings


You had 21 spell levels left.
You knew the following spells:

 Your Spells              Type           Power        Failure   Level  Hunger
a - Corona                Hex            #####..      1%          1    None
b - Slow                  Hex            #####...     1%          2    None
c - Summon Mana Viper     Hex/Summ       ####....     8%          5    #####..


Dungeon Overview and Level Annotations

Branches:
Dungeon (15/15)            Temple (1/1) D:6            Lair (4/6) D:10
 Shoals (0/4) Lair:2        Snake (0/4) Lair:3          Orc (0/2) D:9
 Vaults: D:13-14     Depths: D:15

Altars:
Ashenzari
Cheibriados
Dithmenos
Elyvilon
Fedhas
Gozag
Hepliaklqana
Kikubaaqudgha
Makhleb
Nemelex Xobeh
Okawaru
Qazlal
Ru
Sif Muna
Trog
Uskayaw
Vehumet
Xom
Yredelemnul
Zin
The Shining One

Shops:
D:6 !   D:9 %!*   D:14 %

Annotations:
Lair:3 exclusion: oklob plant
Lair:4 Rupert


Innate Abilities, Weirdness & Mutations

You cannot wear armour.
You are incapable of wielding weapons or throwing items.
Your paws allow you to move quietly. (Stealth)
You have sharp claws.
You have razor-sharp teeth.
You have supernaturally acute eyesight. (SInv)
You are carnivorous and can eat meat at any time.
You cover ground quickly.
Your thick and shaggy fur keeps you warm. (AC +3, rC+)
You have a slow metabolism.
Your sharp claws are effective at attacking unaware monsters.


Message History

You completely miss Rupert.
Rupert is severely wounded.
The water moccasin closely misses you. Rupert misses you.
You completely miss Rupert. You bite Rupert, but do no damage.
Rupert is severely wounded.
The water moccasin completely misses you.
You claw Rupert! You claw Rupert.
Rupert is severely wounded.
Rupert completely misses you. The water moccasin misses you.
You claw Rupert!
Rupert is almost dead.
The water moccasin barely misses you. Rupert misses you.
You scratch Rupert.
Rupert is almost dead.
The water moccasin bites you.
You are poisoned.
The water moccasin poisons you!
Rupert hits you with a +3 triple sword of holy wrath!!
Ouch! That really hurt!
You die...

... #... P....
#####$.$..
####....>.... ##
#P#..........
#.##.....S......
##......@@......
###...........#...
##........#####....
#........## ...
###......##.# .
#......#$# ##
###.....####
#......## #......#
#./...#


You could see Rupert (berserk) and a water moccasin.

Vanquished Creatures
  Fannar (D:11)
  3 centaur warriors
  A skeletal warrior (D:12)
  Sonja (D:11)
  An unseen horror (D:10)
  6 hill giants
  Pikel (D:2)
  2 ugly things
  2 manticores
  4 elephants (Lair:3)
  3 black mambas (Lair:3)
  A torpor snail (Lair:3)
  4 gargoyles
  6 spiny frogs
  Psyche (D:8)
  6 komodo dragons
  A kobold demonologist (D:12)
  A freezing wraith (D:14)
  2 efreet
  A troll (shapeshifter) (D:14)
  A troll (D:13)
  8 blink frogs
  14 hippogriffs
  9 slime creatures
  A wraith (D:9)
  3 wyverns
  A basilisk (Lair:1)
  29 yaks
  A steam dragon (D:11)
  2 hungry ghosts
  8 vampire mosquitoes
  A mottled dragon (D:14)
  2 nagas (Lair:3)
  2 wargs (D:10)
  12 water moccasins
  A soldier ant (D:11)
  2 hell hounds (Lair:3)
  4 porcupines
  2 sky beasts
  An ice beast (D:12)
  3 black bears
  9 orc warriors
  A phantom (D:11)
  An eye of draining (D:12)
  A necrophage (D:12)
  8 ogres
  6 wolves
  14 centaurs
  9 crocodiles
  5 big kobolds
  11 bullfrogs
  An earth elemental (Volcano)
  A wyvern zombie (D:11)
  2 water moccasin zombies (Ossuary)
  A wyvern skeleton (D:6)
  3 scorpions
  11 killer bees
  13 wights
  6 jellies
  An electric eel (Lair:2)
  6 howler monkeys
  4 crimson imps
  7 centaur zombies
  A quasit (D:10)
  12 orc priests
  2 centaur skeletons (D:11)
  21 orc wizards
  8 hounds
  A bullfrog skeleton (D:4)
  5 iguanas
  13 worker ants
  A big kobold zombie (Ossuary)
  A hound skeleton (D:10)
  A hound zombie (D:6)
  3 mummies
  A worker ant zombie (D:7)
  21 adders
  A river rat (Sewer)
  2 shadow imps
  7 oozes
  6 adder zombies
  An adder skeleton (D:5)
  7 worms
  2 dart slugs
  11 leopard geckos
  77 orcs
  2 giant cockroaches
  14 goblins
  8 hobgoblins
  11 jackals
  31 kobolds
  6 quokkas
  5 ball pythons
  4 bats
  7 frilled lizards
  2 gnoll zombies (Ossuary)
  A goblin zombie (D:7)
  9 hobgoblin zombies (Ossuary)
  5 kobold zombies
  3 orc zombies (Ossuary)
  14 rats
603 creatures vanquished.

Vanquished Creatures (collateral kills)
  An elephant (Lair:3)
1 creature vanquished.

Vanquished Creatures (others)
  3 fungi (Lair:3)
  A plant (Lair:3)
4 creatures vanquished.

Grand Total: 608 creatures vanquished

Notes
Turn   | Place    | Note
-------+----------+-------------------------------------------
     0 | D:1      | equalderp2856 the Felid Fighter began the quest for the Orb.
     0 | D:1      | Reached XP level 1. HP: 10/10 MP: 2/2
   512 | D:1      | Reached XP level 2. HP: 12/14 MP: 3/3
  1178 | D:2      | Reached XP level 3. HP: 15/17 MP: 4/4
  1716 | D:2      | Reached skill level 5 in Dodging
  1817 | D:2      | Reached skill level 5 in Unarmed Combat
  1905 | D:2      | Found a stormy altar of Qazlal.
  1924 | D:2      | Reached XP level 4. HP: 16/21 MP: 5/5
  3466 | D:2      | Reached skill level 1 in Stealth
  3466 | D:2      | Reached XP level 5. HP: 18/24 MP: 6/6
  3661 | D:3      | Found an opulent altar of Gozag.
  3836 | D:3      | Killed from afar by an orc priest
  3837 | D:3      | Reached XP level 4. HP: 0/21 MP: 14/14
  4307 | D:3      | Reached skill level 6 in Unarmed Combat
  4438 | D:3      | Reached XP level 5. HP: 24/24 MP: 6/6
  5422 | D:4      | Noticed Pikel
  5422 | D:4      | Noticed a slave
  5423 | D:4      | Noticed a slave
  5423 | D:4      | Noticed a slave
  5424 | D:4      | Noticed a slave
  5648 | D:4      | Noticed an ogre
  5658 | D:4      | HP: 1/24 [ogre/giant club (23)]
  6311 | D:4      | Gained mutation: You are covered in thick fur. (AC +2) [Felid growth]
  6311 | D:4      | Reached XP level 6. HP: 24/28 MP: 7/7
  6572 | D:5      | Entered Level 5 of the Dungeon
  6781 | D:5      | Noticed a sky beast
  6785 | D:5      | Killed a sky beast
  6785 | D:5      | Reached skill level 7 in Unarmed Combat
  6953 | D:5      | Reached XP level 7. HP: 31/31 MP: 8/8
  7890 | D:6      | Reached skill level 5 in Stealth
  7996 | D:6      | Found a shattered altar of Ashenzari.
  8073 | D:6      | Found a staircase to the Ecumenical Temple.
  8126 | D:6      | Reached skill level 8 in Unarmed Combat
  8196 | D:6      | Found a stormy altar of Qazlal.
  8294 | D:6      | Found a glowing drain.
  8316 | Sewer    | Entered a sewer
  8492 | Sewer    | Found a white marble altar of Elyvilon.
  8804 | Sewer    | Learned a level 1 spell: Corona
  8807 | Sewer    | Learned a level 2 spell: Slow
  8944 | D:6      | Identified the Grimoire of Enhancements and Shape Shifting
  8954 | D:6      | Found Daraes's Distillery.
  8962 | D:6      | Bought a potion of curing for 33 gold pieces
  8995 | D:6      | Bought a potion of mutation for 27 gold pieces
  9107 | D:6      | Reached XP level 8. HP: 34/34 MP: 9/9
  9123 | Temple   | Entered the Ecumenical Temple
  9812 | D:7      | Found a sand-covered staircase.
  9818 | Ossuary  | Entered an ossuary
 10224 | D:7      | Found a shimmering altar of Xom.
 10230 | D:7      | Found a shimmering altar of Xom.
 10231 | D:7      | Found a shimmering altar of Xom.
 10271 | D:7      | Noticed a hippogriff
 10276 | D:7      | Killed a hippogriff
 10276 | D:7      | Reached skill level 9 in Unarmed Combat
 10465 | D:7      | Found a shimmering altar of Xom.
 10539 | D:7      | Found a bloodstained altar of Trog.
 10927 | D:8      | Reached skill level 1 in Hexes
 11041 | D:8      | Reached skill level 1 in Spellcasting
 11087 | D:8      | Reached XP level 9. HP: 37/38 MP: 12/12
 13075 | D:2      | Killed Pikel
 13075 | D:2      | Reached skill level 10 in Unarmed Combat
 13344 | D:9      | Found Ryegoqes's General Store.
 13391 | D:9      | Found a snail-covered altar of Cheibriados.
 13636 | D:8      | You fall through a shaft!
 13638 | D:9      | Found Ytsiat's Book Boutique.
 13736 | D:10     | Entered Level 10 of the Dungeon
 14020 | D:9      | Reached XP level 10. HP: 31/42 MP: 17/17
 14207 | D:7      | HP: 2/42 [killer bee (4)]
 14509 | D:9      | Found Lush's Food Emporium.
 14579 | D:9      | Found Pullac's Distillery.
 14625 | D:9      | Noticed Psyche
 14632 | D:9      | Reached skill level 11 in Unarmed Combat
 14791 | D:8      | Killed Psyche
 14884 | D:9      | Found a staircase to the Orcish Mines.
 15890 | D:10     | Found a staircase to the Lair.
 15918 | D:10     | Reached skill level 10 in Stealth
 16131 | D:9      | Noticed a hill giant
 16553 | D:10     | Reached skill level 5 in Hexes
 16634 | D:10     | Noticed an unseen horror
 16674 | D:9      | Reached skill level 12 in Unarmed Combat
 16751 | D:10     | Reached skill level 5 in Spellcasting
 16866 | D:10     | Killed an unseen horror
 17068 | D:10     | Reached XP level 11. HP: 30/46 MP: 19/19
 17993 | Lair:1   | Entered Level 1 of the Lair of Beasts
 18691 | Lair:1   | Slain by a basilisk
 18692 | Lair:1   | Reached XP level 10. HP: 0/42 MP: 28/28
 18751 | Lair:1   | HP: 1/42 [porcupine's spines (15)]
 19180 | Lair:2   | Noticed a spiny frog
 19182 | Lair:2   | Killed a spiny frog
 19196 | Lair:2   | Noticed a spiny frog
 19206 | Lair:2   | Killed a spiny frog
 19428 | Lair:2   | Found a staircase to the Shoals.
 19944 | Lair:3   | Noticed an oklob plant
 19944 | Lair:3   | Noticed a black mamba
 19946 | Lair:3   | Killed a black mamba
 19969 | Lair:3   | Noticed a spiny frog
 20139 | Lair:3   | Found a dark tunnel.
 20147 | Lair:3   | Reached XP level 11. HP: 46/46 MP: 21/21
 20168 | Volcano  | Entered a volcano
 20238 | Volcano  | Noticed a stone giant
 20367 | Volcano  | Reached skill level 13 in Unarmed Combat
 20727 | Lair:3   | Reached skill level 10 in Dodging
 20821 | Lair:3   | Found a staircase to the Snake Pit.
 21299 | D:11     | Found a shimmering altar of Xom.
 21877 | D:11     | Noticed Sonja
 21883 | D:11     | Killed Sonja
 22072 | D:11     | Noticed Fannar
 23380 | D:12     | Gained mutation: Your thick and shaggy fur keeps you warm. (AC +3, rC+) [Felid growth]
 23380 | D:12     | Reached XP level 12. HP: 50/50 MP: 23/24
 23412 | D:12     | Reached skill level 14 in Unarmed Combat
 24608 | D:12     | Reached skill level 10 in Hexes
 26043 | D:13     | Found a glowing golden altar of the Shining One.
 26957 | D:13     | Noticed a centaur warrior
 27224 | D:12     | Killed a centaur warrior
 27524 | D:14     | Found Olyfaizi's Food Boutique.
 27681 | D:14     | Reached XP level 13. HP: 54/54 MP: 26/26
 27797 | D:14     | Learned a level 5 spell: Summon Mana Viper
 27959 | D:14     | Reached skill level 1 in Summonings
 28862 | D:15     | Entered Level 15 of the Dungeon
 29114 | D:15     | Reached skill level 5 in Summonings
 29789 | D:11     | Killed Fannar
 32452 | Lair:4   | Noticed Rupert
 32503 | Lair:4   | Demolished by Rupert
 32504 | Lair:4   | Reached XP level 12. HP: -21/50 MP: 31/35
 32504 | Lair:4   | Noticed a five-headed hydra
 32530 | Lair:4   | Paralysed by Rupert for 3 turns
 32549 | Lair:4   | HP: 2/50 [Rupert/+3 triple sword of holy wrath (24)]
 32550 | Lair:4   | Annihilated by a komodo dragon
 32551 | Lair:4   | Reached XP level 11. HP: -29/46 MP: 34/34
 32627 | Lair:4   | Mangled by Rupert

Skill      XL: |  1  2  3  4  5  6  7  8  9 10 11 12 13 |
---------------+----------------------------------------+-----
Dodging        | 5 6 7 8 9 10 11 | 11.0
Unarmed Combat | 5 6 7 8 9 10 12 13 14 | 14.8
Stealth        | 1 2 4 6 8 9 10 11 12 | 12.2
Hexes          | 1 3 7 9 11 12 | 12.2
Spellcasting   | 1 4 6 7 8 9 |  9.5
Fighting       | 4 |  4.4
Summonings     | 7 |  7.4

Action                   |  1- 3 |  4- 6 |  7- 9 | 10-12 | 13-15 || total
-------------------------+-------+-------+-------+-------+-------++-------
Melee: Unarmed           |   105 |   248 |   445 |  1154 |   376 ||  2328
       Bite              |     4 |    27 |    36 |   157 |    70 ||   294
       Punch             |     1 |     2 |    21 |   110 |    30 ||   164
 Cast: Corona            |       |       |     3 |    63 |    54 ||   120
       Slow              |       |       |       |   161 |    75 ||   236
       Summon Mana Viper |       |       |       |       |     7 ||     7
Evoke: Wand              |       |       |       |       |     2 ||     2
  Use: Scroll            |     4 |     1 |    12 |    10 |       ||    27
       Potion            |       |       |     2 |    15 |       ||    17
 Stab: Sleeping          |     1 |     5 |    31 |    36 |     9 ||    82
       Distracted        |       |     1 |     1 |     4 |     1 ||     7
  Eat: Chunk             |     3 |     6 |    19 |    35 |    13 ||    76
Armor: Skin              |     6 |    12 |    10 |    30 |    13 ||    71
Dodge: Dodged            |   103 |   170 |   351 |   855 |   301 ||  1780
